 Dungeon Crawl Stone Soup version 0.29-a0-378-gc08b2e8bf8 (webtiles) character file.

Game seed: 17422362995969935568

130 jlumianski the Covered (level 4, -3/35 HPs)
             Began as a Demonspawn Fighter on May 4, 2022.
             Slain by an orc
             ... wielding a +0 flail
              (6 damage)
             ... on level 3 of the Dungeon.
             The game lasted 00:08:29 (2960 turns).

jlumianski the Covered (Demonspawn Fighter)         Turns: 2960, Time: 00:08:29

Health: -3/35      AC: 10    Str: 19    XL:     4   Next: 90%
Magic:  4/4        EV:  9    Int:  9    God:
Gold:   101        SH:  4    Dex: 12    Spells: 3/3 levels left

rFire   + . .      SeeInvis .   a - +0 war axe
rCold   + . .      Faith    .   c - +0 buckler
rNeg    . . .      Spirit   .   p - +0 chain mail
rPois   +          Reflect  .   (no helmet)
rElec   .          Harm     .   n - scarf {rC+ rF+}
rCorr   .          Rampage  .   u - +0 pair of gloves
Will    .....                   (no boots)
Stlth   ..........              (no amulet)
HPRegen 0.11/turn               v - ring of poison resistance
MPRegen 0.09/turn               (no ring)

@: no status effects
A: repulsion field 1, foul stench 1, demonic touch 1
a: no special abilities


You were on level 3 of the Dungeon.
You visited 1 branch of the dungeon, and saw 4 of its levels.

You collected 101 gold pieces.

Inventory:

Hand Weapons
 a - a +0 war axe (weapon)
 q - a +2 dagger of venom
Missiles
 h - 5 boomerangs (quivered)
 i - 71 stones
 w - 5 poisoned darts
Armour
 b - a +0 scale mail
 c - a +0 buckler (worn)
 n - a scarf of resistance (worn)
 p - a +0 chain mail (worn)
 u - a +0 pair of gloves (worn)
Magical Staves
 t - a staff of death
 y - a staff of fire
Jewellery
 v - a ring of poison resistance (left hand)
Scrolls
 f - a scroll of enchant weapon {unknown}
 g - 2 scrolls of teleportation
 j - 2 scrolls of identify {unknown}
 o - 2 scrolls of blinking {unknown}
 r - a scroll of fog {unknown}
 s - 2 scrolls of silence
 x - a scroll of vulnerability {unknown}
Potions
 d - a potion of might
 e - a potion of mutation {unknown}
 k - 7 potions of curing
 l - a potion of invisibility
 m - a potion of heal wounds {unknown}
 z - a potion of haste {unknown}


   Skills:
 + Level 3.4 Fighting
 + Level 3.3 Axes
 + Level 3.5 Armour
 + Level 0.1 Dodging
 + Level 3.1 Shields


You had 3 spell levels left.
You didn't know any spells.
Your spell library contained the following spells:

 Spells                   Type           Power      Damage    Failure   Level
 Blink                    Tloc           0%         N/A       100%        2
 Lesser Beckoning         Tloc           0%         N/A       100%        3
 Passage of Golubria      Tloc           0%         N/A       100%        4
 Manifold Assault         Tloc           0%         N/A       100%        5
 Silence                  Hex/Air        0%         N/A       100%        5
 Lehudib's Crystal Spear  Conj/Erth      0%         10d2      100%        8


Dungeon Overview and Level Annotations

Branches:
Dungeon (4/15)
 Temple: D:4-7

Altars:


Innate Abilities, Weirdness & Mutations

You are surrounded by a mild repulsion field. (EV +2)
You may rarely emit foul miasma when damaged in melee.
Your touch may inflict minor irresistible damage on your foes.


Message History

The ball python hisses angrily.
You completely miss the orc. The orc closely misses you.
You hit the orc but do no damage. You block the orc's attack.
The orc barely misses you.
The orc priest miscasts a cantrip.
You closely miss the orc.
The orc priest miscasts a cantrip.
You hit the orc.
The orc is lightly wounded.
The orc priest calls upon Beogh to heal the orc.
The orc's wounds heal themselves!
The orc attacks as you move away! The orc barely misses you.
The orc attacks as you move away! The orc hits you but does no damage.
The orc attacks as you move away! The orc barely misses you.
The orc attacks as you move away! You block the orc's attack.
The orc attacks as you move away! The orc hits you with a +0 flail.
The orc attacks as you move away! The orc closely misses you.
You closely miss the orc. The orc barely misses you.
The orc hits you with a +0 flail. The orc attacks as you move away!
The orc hits you with a +0 flail. The orc attacks as you move away!
You block the orc's attack. The orc attacks as you move away!
The orc barely misses you. The orc attacks as you move away!
The orc barely misses you. The orc attacks as you move away!
The orc hits you with a +0 flail.
The orc priest mumbles some strange prayers to Beogh against you.
Beogh smites you! The orc attacks as you move away! You block the orc's attack.
The orc attacks as you move away! The orc barely misses you.
The orc attacks as you move away! The orc barely misses you.
The orc attacks as you move away! The orc closely misses you.
The orc attacks as you move away! The orc hits you but does no damage.
The orc priest casts a cantrip, but nothing happens.
You block the orc's attack. The orc attacks as you move away!
The orc closely misses you. The orc attacks as you move away!
The orc hits you with a +0 flail.
The orc priest invokes the aid of Beogh against you.
Beogh smites you!
* * * LOW HITPOINT WARNING * * *
The orc attacks as you move away! The orc hits you with a +0 flail.
You die...

.#.# #######.###.###.#
...# #<....#.....# #.#
#..# #.#.######### #.#
..># ... # #.# ####
##.#. #.# #.#.# #.#
#.....# # #.# #.....#
###########.### #.....#
#....o@.......# #.....
#o############# #....
#.# .....#.#.#
#S##.#.#o# #o##.#.#o# #
#o##.#.#.# #####.#.#
####o##.#.#.###........
...#.##.#.#.........#


You could see an orc priest and an orc.

Vanquished Creatures
  A hound (D:1)
  2 adders
  2 worms (D:2)
  3 dart slugs
  5 endoplasms
  10 giant cockroaches (D:2)
  2 hobgoblins
  8 jackals
  8 kobolds
  2 quokkas
  7 ball pythons
  5 bats
  5 frilled lizards
  3 goblins
  3 rats
66 creatures vanquished.

Notes
Turn   | Place    | Note
-------+----------+-------------------------------------------
     0 | D:1      | jlumianski the Demonspawn Fighter began the quest for the
                  | Orb.
     0 | D:1      | Reached XP level 1. HP: 18/18 MP: 1/1
   103 | D:1      | Found a faded altar of an unknown god.
   123 | D:1      | Gained mutation: You may rarely emit foul miasma when
                  | damaged in melee. [demonic ancestry]
   123 | D:1      | Reached XP level 2. HP: 13/24 MP: 2/2
  1068 | D:1      | Gained mutation: You are surrounded by a mild repulsion
                  | field. (EV +2) [demonic ancestry]
  1068 | D:1      | Reached XP level 3. HP: 15/29 MP: 3/3
  1492 | D:2      | Gained mutation: Your touch may inflict minor irresistible
                  | damage on your foes. [demonic ancestry]
  1492 | D:2      | Reached XP level 4. HP: 35/35 MP: 4/4
  2960 | D:3      | Slain by an orc

Illustrated notes

Levels and vault maps discovered:
D:1:      psy_arrival_fountain, layout_basic, nicolae_ecumenical_snake_handling,
          minmay_misc_feat_diagonals, kennysheep_another_room
D:2:      minmay_roachtagon, layout_basic, minmay_misc_feat_iff,
          minmay_large_rounded_square, grunt_ministairs_10
D:3:      layout_basic
D:4:      layout_basic, serial_bayou_pond_e, uniq_edmund, uniq_natasha,
          uniq_duvessa

Skill      XL: |  1  2  3  4 |
---------------+-------------+-----
Axes           | 2 3 |  3.3
Shields        | 3 |  3.1
Armour         | 3 |  3.5
Fighting       | |  3.4
Dodging        | |  0.1

Action                   |  1- 3 |  4- 6 || total
-------------------------+-------+-------++-------
Melee: War axe           |    62 |    95 ||   157
Throw: Boomerang         |       |     1 ||     1
  Use: Potion            |     1 |     1 ||     2
       Scroll            |       |     2 ||     2
Armor: Scale mail        |    48 |     6 ||    54
       Chain mail        |       |    44 ||    44
Dodge: Dodged            |    48 |    63 ||   111
Block: Buckler           |    21 |    26 ||    47

Table legend: (Time is in decaauts)
 A = Elapsed time spent in this place.
 B = Non-inter-level travel time spent in this place.
 C = Inter-level travel time spent in this place.
 D = Time resting spent in this place.
 E = Time spent auto-exploring this place.
 F = Levels seen in this place.
 G = Mean time per level.
                   A        B        C        D        E       F      G
               +--------+--------+--------+--------+--------+-----+--------+
         Total |   3028 |   3028 |      0 |    148 |   1949 |   4 |  757.0 |
       Dungeon |   3028 |   3028 |      0 |    148 |   1949 |   4 |  757.0 |
               +--------+--------+--------+--------+--------+-----+--------+

Top non-repeatable levels by time:
     D:1: 1236 daAuts
     D:2: 905 daAuts
     D:3: 884 daAuts
     D:4: 1 daAuts
